cohdb
Replays
Latest Replays
All Replays
Popular Replays
Top Player Replays
Match Explorer
How It Works
Community
CoH3 Stats
Reddit
Sign in to upload your games and track your stats! →
Sign in with Steam
Match 43762235
Unlisted
Match 43762235
Overview
Messages
Build Orders
End
Vickers Machine Gun Team
Construct Section Command Post
Infantry Section
Infantry Section
Selects Indian Artillery Battlegroup
Construct Field Infirmary
Selects Valour
ML 3-inch Mortar Team
Construct Platoon Command Post
Infantry Section
6-pounder Anti-tank Gun Team
Selects Gurkha Rifles Section
Unlock M3 Stuart Light Tanks
Gurkha Rifles Section
Construct Company Command Post
Matilda II Heavy Tank
Selects Volunteer Infantry
Selects Artillery Saturation
CMP 15cwt Truck
Royal Engineer Section
Selects Off-map Airburst Barrage
Matilda II Heavy Tank
Off-map Airburst Barrage
6-pounder Anti-tank Gun Team
Selects Perimeter Monitor
ßoo
Tactical Nuclear Cow
Mother Teresa
유유
Vidik
Bjoref
0
0
Comments
sign in to comment!
No comments posted yet!